 Dungeon Crawl Stone Soup version 0.30-a0-134-gb40fab5c76 (webtiles) character file.

Game seed: 871560935599240328

113 MisterAzrael the Conjurer (level 4, -2/24 HPs)
             Began as a Deep Elf Conjurer on Sept 20, 2022.
             Killed by nerve-wracking pain
             ... invoked by Grinder
              (4 damage)
             ... on level 3 of the Dungeon.
             The game lasted 00:03:49 (2443 turns).

MisterAzrael the Conjurer (Deep Elf Conjurer)       Turns: 2443, Time: 00:03:49

Health: -2/24      AC:  2    Str:  6 (8)  XL:     4   Next: 65%
Magic:  9/12       EV: 12    Int: 21 (24) God:
Gold:   144        SH:  0    Dex:  9 (12) Spells: 5/12 levels left

rFire   . . .      SeeInvis +    r - +6 hand axe of Xanibie {elec, Contam rPois rC- SInv}
rCold   x . .      Faith    .    (no shield)
rNeg    . . .      Spirit   .    a - +0 robe
rPois   +          Reflect  .    (no helmet)
rElec   .          Harm     .    (no cloak)
rCorr   .          Rampage  .    (no gloves)
Will    .....                    (no boots)
Stlth   ++........               (no amulet)
HPRegen 0.08/turn                (no ring)
MPRegen 0.13/turn                (no ring)

@: weak-willed
A: hooves 1, sense surroundings 1, strong 1
a: no special abilities


You were on level 3 of the Dungeon.
You visited 1 branch of the dungeon, and saw 3 of its levels.

You collected 144 gold pieces.

Inventory:

Hand Weapons
 r - the +6 hand axe of Xanibie (weapon) {elec, Contam rPois rC- SInv}
   (You found it on level 2 of the Dungeon)

   It occasionally discharges a powerful burst of electricity upon striking a
   foe.
   rC:        It makes you vulnerable to cold.
   rPois:     It protects you from poison.
   SInv:      It lets you see invisible.
   Contam:    It causes magical contamination when unequipped.
Armour
 a - a +0 robe (worn)
Scrolls
 c - a scroll of noise {unknown}
 e - a scroll of magic mapping {unknown}
 f - a scroll of blinking {unknown}
 g - a scroll of teleportation {unknown}
 i - a scroll of fear {unknown}
 j - a scroll of vulnerability
 k - a scroll of enchant weapon {unknown}
 q - a scroll of amnesia {unknown}
Potions
 b - a potion of magic
 h - a potion of mutation
 l - a potion of degeneration
 m - a potion of brilliance
 n - a potion of ambrosia {unknown}
 o - a potion of flight {unknown}
 p - a potion of attraction {unknown}


   Skills:
 - Level 2.5 Dodging
 - Level 2.5 Stealth
 + Level 4.8 Spellcasting
 + Level 5.6 Conjurations
 * Level 1.1 Fire Magic


You had 5 spell levels left.
You knew the following spells:

 Your Spells              Type           Power      Damage    Failure   Level
a - Magic Dart            Conj           100%       1d8       1%          1
b - Searing Ray           Conj           56%        2d6       1%          2
c - Sticky Flame          Conj/Fire      19%        2d4       26%         4

Your spell library contained the following spells:

 Spells                   Type           Power      Damage    Failure   Level
 Dazzling Flash           Conj/Hex       32%        N/A       11%         3
 Ignite Poison            Fire/Tmut/Pois 6%         N/A       28%         3
 Iskenderun's Battlesphe  Conj           28%        2d8       30%         5
 Fulminant Prism          Conj/Hex       8%         3d7       34%         4
 Iskenderun's Mystic Bla  Conj/Tloc      16%        2d5       34%         4
 Fireball                 Conj/Fire      9%         3d6       58%         5
 Conjure Ball Lightning   Conj/Air       8%         3x3d6     99%         6
 Orb of Destruction       Conj           14%        9d7       100%        7


Dungeon Overview and Level Annotations

Branches:
Dungeon (3/15)

Altars:
Okawaru

Annotations:
D:3 Grinder


Innate Abilities, Weirdness & Mutations

You have large cloven feet.
You passively map a small area around you.
Your muscles are strong. (Str +4, Int/Dex -1)


Message History

You can move again.
Casting: Magic Dart (safe; 1% risk of failure)
Confirm with . or Enter, or press ? or * to list all spells.
The spell is astonishingly dangerous to miscast (21% risk of failure)!
Continue anyway?
Aiming: Sticky Flame (astonishingly dangerous; 21% risk of failure)
Press: ? - help, Shift-Dir - straight line, f - Grinder
Aim: Grinder (100% to hit)
The sticky flame hits Grinder.
Grinder is lightly wounded.
Grinder is covered in liquid flames!
Grinder burns!
Grinder gestures at you.
You shrug off the repeated paralysis!
It was a potion of mutation.
You feel extremely strange.
Your feet thicken and deform.
You feel a strange attunement to the structure of the dungeons.
You feel stronger.
Grinder burns!
Grinder closely misses you.
Grinder burns!
Grinder attacks as you move away! Grinder hits you but does no damage.
Grinder burns!
Grinder attacks as you move away! Grinder misses you.
Grinder burns!
Grinder stops burning.
It was a potion of degeneration.
There was something very wrong with that liquid.
You feel weakened.
You feel dopey.
You feel clumsy. Grinder misses you.
Okay, then.
As you read the scroll labelled ECLIPL GAABA, it crumbles to dust.
Magic quickly surges around you.
It was a scroll of vulnerability.
Grinder says, "My boss said I was rubbish.
His entrails said otherwise."
Grinder hits you.
* * * LOW HITPOINT WARNING * * *
You writhe in agony.
* * * LOW HITPOINT WARNING * * *
As you read the scroll labelled PIT UCVYSCHOPAL, it crumbles to dust.
It is a scroll of identify.
m - a potion of brilliance Grinder gestures at you.
Pain shoots through your body!
You die...

* ########## , ..
#........# * #.* #.######.#
#.* #.# #.# #.* #.#
###.#### #. #.# #......# ,
, * , #. #.# ##.#.#..###
##.###.######.# #....)....#
*
........K5@.#.###.#.♣.♣.#.#
##.###.###................#
,,*#.##.###..##.♣.♣.♣.♣.# *
,#.......# #..##...._....#
,...[.##.###.....♣.♣.♣.♣.#
##### ##.<.#.#..........# *
##.##.##.#.♣.♣.#.#
#.##.##.........#
#.##.....########


You could see Grinder (weak-willed) and a kobold (weak-willed).

Vanquished Creatures
  Jessica (D:2)
  Terence (D:2)
  A gnoll (D:1)
  A worm (D:2)
  A dart slug (D:1)
  2 bats (D:1)
  2 endoplasms (D:1)
  3 giant cockroaches
  7 goblins
  4 hobgoblins
  6 jackals (D:1)
  3 quokkas (D:1)
  2 ball pythons (D:1)
  4 kobolds
  4 rats
42 creatures vanquished.

Notes
Turn   | Place    | Note
-------+----------+-------------------------------------------
     0 | D:1      | MisterAzrael the Deep Elf Conjurer began the quest for the
                  | Orb.
     0 | D:1      | Reached XP level 1. HP: 10/10 MP: 6/6
    63 | D:1      | Reached XP level 2. HP: 15/15 MP: 4/8
   433 | D:1      | Reached skill level 5 in Conjurations
   465 | D:1      | Reached XP level 3. HP: 19/19 MP: 3/10
   709 | D:1      | Learned a level 2 spell: Searing Ray
  1598 | D:2      | Found a faded altar of an unknown god.
  1703 | D:2      | Noticed Jessica
  1705 | D:2      | Killed Jessica
  1706 | D:2      | Reached XP level 4. HP: 24/24 MP: 8/12
  1711 | D:2      | Learned a level 4 spell: Sticky Flame
  1840 | D:2      | Noticed Terence
  1851 | D:2      | Killed Terence
  1852 | D:2      | Reached skill level 1 in Fire Magic
  2086 | D:2      | Identified the +6 hand axe of Xanibie {elec, Contam rPois
                  | rC- SInv}
  2371 | D:3      | Found an iron altar of Okawaru.
  2431 | D:3      | Noticed Grinder
  2431 | D:3      | Paralysed by Grinder for 5 turns
  2437 | D:3      | Gained mutation: You have large cloven feet. [potion of
                  | mutation]
  2437 | D:3      | Gained mutation: You passively map a small area around you.
                  | [potion of mutation]
  2437 | D:3      | Gained mutation: Your muscles are strong. (Str +4, Int/Dex
                  | -1) [potion of mutation]
  2443 | D:3      | Killed from afar by Grinder

Illustrated notes

Levels and vault maps discovered:
D:1:      roderic_crossed_star, layout_basic, minmay_nonomino_d4
D:2:      layout_basic, hellmonk_ecumenical_altar_heavens_door,
          kennysheep_another_room, uniq_jessica, uniq_terence
D:3:      layout_loops_ring, okawaru_trees_1,
          mainiacjoe_overflow_concentric_impassable, uniq_grinder

Skill      XL: |  1  2  3  4 |
---------------+-------------+-----
Conjurations   | 5 |  5.6
Spellcasting   | 4 |  4.8
Fire Magic     | 1 |  1.1
Dodging        | |  2.5
Stealth        | |  2.5

Action                   |  1- 3 |  4- 6 || total
-------------------------+-------+-------++-------
 Cast: Magic Dart        |    62 |     9 ||    71
       Searing Ray       |     6 |     1 ||     7
       Sticky Flame      |       |     2 ||     2
  Use: Scroll            |       |     2 ||     2
       Potion            |       |     2 ||     2
Armor: Robe              |     1 |     1 ||     2
Dodge: Dodged            |     9 |     4 ||    13

Table legend: (Time is in decaauts)
 A = Elapsed time spent in this place.
 B = Non-inter-level travel time spent in this place.
 C = Inter-level travel time spent in this place.
 D = Time resting spent in this place.
 E = Time spent auto-exploring this place.
 F = Levels seen in this place.
 G = Mean time per level.
                   A        B        C        D        E       F      G
               +--------+--------+--------+--------+--------+-----+--------+
         Total |   2442 |   2373 |     69 |    479 |   1658 |   3 |  814.0 |
       Dungeon |   2442 |   2373 |     69 |    479 |   1658 |   3 |  814.0 |
               +--------+--------+--------+--------+--------+-----+--------+

Top non-repeatable levels by time:
     D:1: 1543 daAuts
     D:2: 824 daAuts
     D:3: 74 daAuts
